[Event "*** Titled Tuesday Blitz"]
[Site "Chess.com"]
[Date "2020.04.14"]
[Round "1"]
[White "GeorgMeier"]
[Black "Crazy_girl99"]
[Result "1-0"]
[WhiteElo "3056"]
[BlackElo "2504"]
[TimeControl "180+1"]
[EndTime "10:07:39 PDT"]
[Termination "GeorgMeier won by resignation"]

1. Nf3 d5 2. g3 Nf6 3. Bg2 g6 4. d4 Bg7 5. c4 dxc4 6. Na3 c3 7. bxc3 c5 8. O-O O-O 9. Bb2 Nc6 10. Re1 Qb6 11. Nc4 Qb5 12. Qb3 Qa6 13.
e4 b5 14. Ncd2 Rd8 15. d5 Na5 16. Qa3 Nd7 17. Rab1 Rb8 18. Bf1 Nb6 19. Qxc5 Bd7 20. Qxe7 Na4 21. Ne5 Be8 22. Ba1 Bf6 23. Qb4 Bxe5 24.
Qxa4 Qb6 25. Qd1 a6 26. Kg2 Qc7 27. Rc1 Rbc8 28. f4 Bg7 29. Qf3 Nb7 30. c4 b4 31.
Bxg7 Kxg7 32. e5 Nc5 33. Ne4 Nxe4 34. Qxe4 Qc5 35. Qe3 a5 36. Qxc5 Rxc5 37. Kf2 Rb8 38. Ke3 a4 39. Kd4 Rcc8 40. c5 b3 41. axb3 axb3 42. c6 Rd8 43. Kc5 Rbc8 44. Rb1 Ra8 45.
Rxb3 Ra5+ 46. Rb5 Ra2 47. Bc4 Rc2 48. Reb1 f6 49. Rb8 Rxb8 50. Rxb8 Bf7 51. c7 1-0

[Event "*** Titled Tuesday Blitz"]
[Site "Chess.com"]
[Date "2020.04.14"]
[Round "1"]
[White "amintabatabaei"]
[Black "Lupul_Cenusiu"]
[Result "0-1"]
[WhiteElo "2831"]
[BlackElo "2466"]
[TimeControl "180+1"]
[EndTime "10:07:39 PDT"]
[Termination "Lupul_Cenusiu won on time"]

1. e4 c5 2. Nf3 e6 3. d4 cxd4 4. Nxd4 a6 5. Bd3 d6 6. O-O Nf6 7. c4 Be7 8. Nc3 h5 9. h3 Nbd7 10. Be3 Ne5 11. Be2 Qc7 12. Rc1 b6 13. Kh1 Ned7 14.
f4 Nc5 15. Bf3 Bb7 16. Qc2 Rc8 17. b4 Ncd7 18. Be2 g6 19. Nf3 Qb8 20. a4 Qa8 21. Ng5 h4 22. Bd4 e5 23. Be3 exf4 24. Bxf4 Ne5 25. Qb3 O-O 26. Nd5 Bxd5 27. exd5 b5 28. Bxe5 dxe5 29. d6 Bd8 30. c5 bxa4 31. Qa2 Ne4 32.
Nxe4 Qxe4 33. Bxa6 Rb8 34. Bc4 Kg7 35. Bxf7 Bg5 36.
Bd5 Qd4 37. Rfd1 Qxb4 38. Rc2 Qf4 39. Re2 Qg3 0-1

[Event "*** Titled Tuesday Blitz"]
[Site "Chess.com"]
[Date "2020.04.14"]
[Round "1"]
[White "CroissantNeuf"]
[Black "abhidabhi"]
[Result "1/2-1/2"]
[WhiteElo "2401"]
[BlackElo "2743"]
[TimeControl "180+1"]
[EndTime "10:07:39 PDT"]
[Termination "Game drawn by repetition"]

1. Nf3 Nf6 2. g3 g6 3. b3 Bg7 4. Bb2 O-O 5. Bg2 d5 6. c4 c6 7. O-O Re8 8. d4 Bf5 9. Nbd2 a5 10. a3 Ne4 11. e3 a4 12. cxd5 cxd5 13. Nxe4 Bxe4 14.
bxa4 Nd7 15. Qb3 Qb6 16. Qxb6 Nxb6 17. Bc3 Rxa4 18. Nd2 Bxg2 19. Kxg2 Nc4 20. Rfb1 Rb8 21. Rb5 e6 22. Nxc4 dxc4 23. Bb4 Bf8 24. Rc1 Bxb4 25. axb4 Rc8 26. Rxb7 c3 27. Rb5 Rc4 28. Rc5 Raxb4 29. Rxc3 Rxc3 30. Rxc3 h5 31. h4 Rb2 32. Kf3 Rd2 33. Rc7 Kg7 34. Rd7 Kf6 35. e4 Ra2 36.
e5+ Kg7 37. d5 exd5 38. e6 Kf6 39. exf7 Kg7 40. Ke3 Rb2 41. f3 Rb4 42. Rxd5 Kxf7 43. Rd6 Ra4 44. Rc6 Rb4 45. Rd6 Rc4 46. Rd5 Ke6 47.
Ra5 Kf6 48. Ra6+ Kg7 49. Ra7+ Kf6 50. Ra6+ Kg7 51. Ra7+ Kf6 52. Ra6+ 1/2-1/2

[Event "*** Titled Tuesday Blitz"]
[Site "Chess.com"]
[Date "2020.04.14"]
[Round "1"]
[White "enzovsky"]
[Black "vinniethepooh"]
[Result "1-0"]
[WhiteElo "2317"]
[BlackElo "2633"]
[TimeControl "180+1"]
[EndTime "10:07:39 PDT"]
[Termination "enzovsky won by resignation"]

1. e4 c5 2. Nf3 d6 3. d4 cxd4 4. Nxd4 Nf6 5. Nc3 a6 6. Bg5 e6 7. f4 Nbd7 8. Qe2 Qc7 9. O-O-O b5 10. a3 Bb7 11. g4 Be7 12. f5 e5 13. Bxf6 gxf6 14. Nb3 Nb6 15. h4 Rc8 16. Rh3 Rg8 17. Kb1 Nc4 18. Rhd3 Qb6 19. Nd5 Bxd5 20. Rxd5 a5 21.
R5d3 a4 22. Nd2 d5 23. Nxc4 bxc4 24. Rxd5 Bxa3 25. c3 Rb8 26. R5d2 Ke7 27. Qxc4 Rgd8 28. Qxa4 Qxb2+ 29. Rxb2 Rxb2+ 30. Ka1 Rxd1+ 31. Qxd1 Rf2 32. Qd3 Bb2+ 33. Kb1 Ba3 34. Qa6 Bc5 35. Bc4 Be3 36. Qb7+ Kd6 37. Qd5+ Kc7 38. Qxf7+ Kb6 39. Qxf6+ Kc5 40.
Qe6 Rf1+ 41. Bxf1 1-0

[Event "*** Titled Tuesday Blitz"]
[Site "Chess.com"]
[Date "2020.04.14"]
[Round "1"]
[White "Duong57"]
[Black "grzechu96"]
[Result "0-1"]
[WhiteElo "2210"]
[BlackElo "2588"]
[TimeControl "180+1"]
[EndTime "10:07:39 PDT"]
[Termination "grzechu96 won on time"]

1. d4 Nf6 2. c4 g6 3. Nc3 d5 4. Bg5 Ne4 5. Bh4 g5 6. Bg3 h5 7. Nxd5 Nxg3 8. hxg3 Bg7 9. e3 c5 10. Rxh5 Rxh5 11. Qxh5 e6 12. Qh7 Kf8 13. Nc3 cxd4 14.
O-O-O Qf6 15. Ne4 Qe7 16. exd4 Nc6 17. Nf3 g4 18. Ne5 Nxd4 19. Nxg4 Nf5 20. Ne3 Nxe3 21.
fxe3 b5 22. c5 Bb7 23. Nd6 Bd5 24. Bxb5 Bxa2 25. Qe4 Rb8 26. Qa4 Bd5 27. e4 Bc6 28. Bxc6 Qg5+ 29. Rd2 Bxb2+ 30. Kc2 Qxc5+ 31. Qc4 Qa3 32. Rd3 Bc3 33. Rxc3 Qa2+ 34. Kd3 Qb1+ 35. Rc2 Qd1+ 36.
Rd2 Rb3+ 37. Qxb3 Qxb3+ 38. Ke2 Qb4 39. Bd7 Qc5 0-1

[Event "*** Titled Tuesday Blitz"]
[Site "Chess.com"]
[Date "2020.04.14"]
[Round "1"]
[White "Joshukid"]
[Black "The_Chess_Coach"]
[Result "1-0"]
[WhiteElo "2577"]
[BlackElo "2191"]
[TimeControl "180+1"]
[EndTime "10:07:39 PDT"]
[Termination "Joshukid won by resignation"]

1. Nf3 Nf6 2. c4 g6 3. b3 Bg7 4. Bb2 O-O 5. g3 d6 6. d4 a6 7. Bg2 Nc6 8. O-O Rb8 9. d5 Na5 10. Bc3 c5 11. Qe1 b6 12. Na3 e6 13. dxe6 fxe6 14. Rd1 Nc6 15. Nc2 Bb7 16. Ne3 Qe7 17.
h4 b5 18. Ng5 Kh8 19. Qd2 Rbd8 20. Qc1 b4 21. Bb2 e5 22. Nd5 Nxd5 23. cxd5 Nd4 24. Bxd4 exd4 25. Ne6 Rf5 26. Nxd8 Qxd8 27. e3 a5 28. Qc4 Qe8 29. exd4 Bxd4 30. Rxd4 cxd4 31.
Qxd4+ Qe5 32. Qa7 Bxd5 33. Rc1 Rf8 34. Qxa5 Bxg2 35. Qxe5+ dxe5 36. Kxg2 Ra8 37. Rc2 Ra5 38. Kf3 Kg7 39. Ke4 Kf6 40. Kd3 Kf5 41. Kc4 Ra7 42.
Kxb4 Ke4 43. a4 Kd3 44. Ra2 e4 45. a5 Kd4 46. a6 e3 47. fxe3+ Kxe3 48. Kb5 Ra8 49.
b4 Rf8 50. a7 1-0

[Event "*** Titled Tuesday Blitz"]
[Site "Chess.com"]
[Date "2020.04.14"]
[Round "1"]
[White "Sjakkerntobi"]
[Black "chessdjw"]
[Result "0-1"]
[WhiteElo "2262"]
[BlackElo "2613"]
[TimeControl "180+1"]
[EndTime "10:07:40 PDT"]
[Termination "chessdjw won on time"]

1. e4 c5 2. Nf3 d6 3. d4 cxd4 4. Qxd4 Nf6 5. Nc3 Nc6 6. Bb5 Bd7 7. Bxc6 Bxc6 8. Bg5 e6 9. Qd3 Be7 10. O-O-O Qa5 11.
h4 O-O 12. Nd4 Bd7 13. g4 Rfc8 14. Kb1 a6 15. f4 Rc7 16. Bxf6 Bxf6 17. g5 Be7 18. f5 Rac8 19. Nb3 Qe5 20. f6 gxf6 21. gxf6 Bxf6 22. Rhg1+ Kf8 23. Qxd6+ Qxd6 24. Rxd6 Ke7 25.
Rd3 Bxc3 26. bxc3 Rxc3 27. Rxc3 Rxc3 28. Rg7 h6 29. Rh7 Bc6 30. Nd2 Ba4 31. Nb3 Rc4 32.
Rxh6 Rxe4 33. h5 Rh4 34. Rh8 e5 35. h6 e4 36. h7 Kf6 37. Nc5 Bc6 38. Kc1 Kg7 39.
Rd8 Kxh7 40. Kd2 f5 41. Ne6 Kg6 42. Nd4 f4 43. Nxc6 bxc6 44. Rd6+ Kf5 45. Rxc6 Rh2+ 46. Kc3 f3 47. Kd4 Rd2+ 48. Ke3 Re2+ 0-1

[Event "*** Titled Tuesday Blitz"]
[Site "Chess.com"]
[Date "2020.04.14"]
[Round "1"]
[White "sebsep"]
[Black "Nikolakis2014"]
[Result "1/2-1/2"]
[WhiteElo "2365"]
[BlackElo "2699"]
[TimeControl "180+1"]
[EndTime "10:07:41 PDT"]
[Termination "Game drawn by repetition"]

1. Nf3 Nf6 2. g3 d5 3. Bg2 c5 4. O-O e6 5. d3 Nc6 6. Nbd2 Be7 7.
e4 b6 8. Re1 Qc7 9. e5 Nd7 10.
Qe2 g5 11. h3 h5 12. Nf1 g4 13. hxg4 hxg4 14. N3h2 Ndxe5 15. Bf4 Bd6 16. Nxg4 Nxg4 17. Bxd6 Qxd6 18. Qxg4 Bd7 19. Qf3 O-O-O 20. c3 f5 21. a4 Rdg8 22. Ne3 Ne5 23. Qf4 Nf7 24. Qxd6 Nxd6 25. d4 cxd4 26. cxd4 Kb8 27. Rec1 Ne4 28. Bxe4 fxe4 29. Ng2 Rc8 30. b3 a5 31. Ne3 Kb7 32.
Ng4 Rcg8 33. Ne3 Rh7 34. Kf1 Rf8 35. Ke2 Rh2 36. Rf1 Be8 37. Rac1 Rf3 38. Rc3 Bh5 39. Ke1 Bf7 40. Nd1 Bh5 41. Rxf3 Bxf3 42. Ne3 Rh8 43. Kd2 Rh2 44. Ke1 Ka6 45. Kd2 b5 46. axb5+ Kxb5 47.
Kc3 Rh8 48. Kd2 Rb8 49. Ra1 Rh8 50. Rf1 Rh2 51. Kc3 Rh8 52. Kd2 1/2-1/2

[Event "*** Titled Tuesday Blitz"]
[Site "Chess.com"]
[Date "2020.04.14"]
[Round "1"]
[White "TomasKapitanchuk"]
[Black "MITerryble"]
[Result "1-0"]
[WhiteElo "2491"]
[BlackElo "2875"]
[TimeControl "180+1"]
[EndTime "10:07:42 PDT"]
[Termination "TomasKapitanchuk won on time"]

1. e4 e6 2. d4 d5 3. Nd2 Be7 4. Bd3 c5 5. dxc5 Nf6 6. Qe2 O-O 7. Ngf3 a5 8. O-O Na6 9. e5 Nd7 10. c3 Naxc5 11. Bc2 b5 12. Re1 b4 13. c4 Ba6 14.
b3 dxc4 15. Nxc4 Nb6 16. Nfd2 Qd4 17. Bb2 Qh4 18. g3 Qh3 19. Rac1 Rfd8 20. Bb1 Nxc4 21.
Nxc4 a4 22. Bc2 axb3 23. axb3 Bb7 24. f3 Qh5 25. Kg2 Ra2 26. Rcd1 Bd5 27. Bb1 Bxc4 28. Rxd8+ Bxd8 29. bxc4 Ra8 30. Rd1 Be7 31. Bd4 Rc8 32. Bc2 b3 33. Bb1 g6 34. Qe3 Bg5 35. Qc3 Be7 36. Bf2 Qh6 37. Bxc5 Bxc5 38. Qxb3 Qf8 39. Be4 Rb8 40. Qd3 Qc8 41. Rd2 Qc7 42.
f4 Qa5 43. Qd7 Qc3 44. Qd3 Ra8 45. Qxc3 Rc8 46. Qd3 1-0

[Event "*** Titled Tuesday Blitz"]
[Site "Chess.com"]
[Date "2020.04.14"]
[Round "1"]
[White "ViIIagra"]
[Black "MathiasWomacka"]
[Result "1-0"]
[WhiteElo "2808"]
[BlackElo "2424"]
[TimeControl "180+1"]
[EndTime "10:07:42 PDT"]
[Termination "ViIIagra won by resignation"]

1. e4 c5 2. Nc3 Nc6 3. Bb5 Nd4 4. Nf3 Nxb5 5. Nxb5 d6 6. O-O Nf6 7. d4 a6 8. Nc3 cxd4 9. Qxd4 e5 10. Qd3 h6 11.
Nd2 Be6 12. Nc4 Rc8 13. Ne3 Be7 14. Bd2 O-O 15. Rac1 Qb6 16. b3 Qd4 17. Ncd5 Bxd5 18. exd5 Qxd3 19. cxd3 g6 20. Bb4 Rfd8 21. a4 h5 22. Rc4 Rxc4 23. bxc4 e4 24. d4 Ng4 25. h3 Nxe3 26. fxe3 f5 27. Rc1 Kf7 28. Kf2 h4 29. Ba5 Rd7 30. Ke2 g5 31. Rb1 Kg6 32.
Bb6 f4 33. Rd1 Bd8 34. a5 Kf5 35. c5 dxc5 36. dxc5 Ke5 37. d6 Bf6 38. Bc7 Kf5 39. Rb1 fxe3 40. Kxe3 g4 41. Rxb7 Bg5+ 42. Ke2 gxh3 43. gxh3 Bf4 44. c6 Rg7 45. d7 Rg2+ 46.
Kd1 e3 47. Bxf4 1-0

[Event "*** Titled Tuesday Blitz"]
[Site "Chess.com"]
[Date "2020.04.14"]
[Round "1"]
[White "axvesik"]
[Black "LiamVrolijk"]
[Result "0-1"]
[WhiteElo "2423"]
[BlackElo "2804"]
[TimeControl "180+1"]
[EndTime "10:07:42 PDT"]
[Termination "LiamVrolijk won by checkmate"]

1. e4 c6 2. d4 d5 3. Nc3 dxe4 4. Nxe4 Bf5 5. Ng3 Bg6 6. h4 h6 7. Nf3 e6 8. Ne5 Bh7 9. Bd3 Bxd3 10. Qxd3 Nd7 11. f4 Be7 12. h5 Ngf6 13. Bd2 O-O 14. O-O-O c5 15. Bc3 Nd5 16. Bd2 cxd4 17. Qxd4 Nxe5 18.
fxe5 Qc7 19. Kb1 Rac8 20. Qe4 Rfd8 21. Rhf1 Qc4 22. Rde1 Bh4 23. Rf3 Ne7 24. Bc1 Qxe4 25. Rxe4 Bxg3 26. Rxg3 Rd1 27. Rge3 Rg1 28. g4 Nd5 29.
Re1 Rxe1 30. Rxe1 Rc4 31. Rg1 Re4 32. g5 hxg5 33. Bxg5 Kh7 34. h6 gxh6 35. Rh1 Rxe5 36. Bxh6 Kg6 37. c4 Nb4 38. a3 Nc6 39. Bf4 Re4 40.
Rg1+ Kf5 41. Bd2 f6 42. Rf1+ Kg6 43. b3 Ne5 44. Kc2 Ng4 45. Kd3 f5 46. b4 e5 47. c5 Rd4+ 48. Kc3 Rd8 49. Rg1 Kf6 50. Be1 Ke6 51. Bh4 Rh8 52. Bg5 Rh3+ 53. Kc4 Rxa3 54.
Rd1 f4 55. Rd6+ Kf5 56. Bh4 a6 57. Rd7 Ne3# 0-1

[Event "*** Titled Tuesday Blitz"]
[Site "Chess.com"]
[Date "2020.04.14"]
[Round "1"]
[White "S2PAc"]
[Black "SanchezKelvin"]
[Result "0-1"]
[WhiteElo "2758"]
[BlackElo "2418"]
[TimeControl "180+1"]
[EndTime "10:07:42 PDT"]
[Termination "SanchezKelvin won by resignation"]

1. d4 Nf6 2. g3 c5 3. d5 e6 4. c4 exd5 5. cxd5 d6 6. Nc3 g6 7.
Bg2 Bg7 8. Nf3 O-O 9. O-O Re8 10.
Bf4 Ne4 11. Nxe4 Rxe4 12. Nd2 Rb4 13. a3 Rxf4 14. gxf4 Bxb2 15. Rb1 Bxa3 16. e4 Bb4 17.
e5 Nd7 18. Nc4 dxe5 19. fxe5 b5 20. d6 bxc4 21. Bxa8 Nxe5 22. Bg2 Bf5 23. Qd5 Qf6 24. Rbd1 Nd7 25. Qxc4 a5 26. Qb5 Kg7 27. Rfe1 Bxe1 28. Rxe1 Qc3 29. Rd1 Ne5 30. h3 Nf3+ 31. Bxf3 Qxf3 32.
Re1 Bxh3 33. Qf1 Bxf1 34. Rxf1 Qg4+ 0-1

[Event "*** Titled Tuesday Blitz"]
[Site "Chess.com"]
[Date "2020.04.14"]
[Round "1"]
[White "Angel_Hranitel_37"]
[Black "maciek_92"]
[Result "1-0"]
[WhiteElo "2360"]
[BlackElo "2678"]
[TimeControl "180+1"]
[EndTime "10:07:42 PDT"]
[Termination "Angel_Hranitel_37 won by resignation"]

1. d4 f5 2. c4 Nf6 3. g3 g6 4.
Bg2 Bg7 5. Nf3 O-O 6. O-O d6 7. Nc3 Qe8 8. Re1 Qf7 9. e4 fxe4 10. Ng5 Qxc4 11. Ngxe4 Nxe4 12. Rxe4 Qf7 13. Rf4 Qe8 14. Qb3+ e6 15. Bxb7 Bxb7 16. Qxb7 Qc6 17. Rxf8+ Bxf8 18. Qb3 d5 19. Bf4 Qb6 20. Qxb6 cxb6 21. Nb5 Na6 22. a3 Rc8 23. Nxa7 Rc2 24. b4 Bg7 25. Nb5 Kf7 26. Rc1 Rxc1+ 27. Bxc1 Nb8 28. Bd2 Nc6 29. Bc3 Bf8 30.
Nc7 Bd6 31. Nb5 Bf8 32. Kf1 g5 33. Ke2 g4 34. f3 h5 35. fxg4 hxg4 36. Kf2 Kg6 37. Nc7 Kf5 38. b5 Nb8 39. a4 Bg7 40. Ke3 Bh6+ 41. Kd3 Nd7 42. a5 bxa5 43. Bxa5 e5 44.
Nxd5 e4+ 45. Ke2 Ke6 46. Nb6 Nf6 47. Nc4 Nd5 48. b6 Ne7 49. b7 Nc6 50. Bc7 Nxd4+ 51.
Kf1 Nc6 52. Na5 1-0

[Event "*** Titled Tuesday Blitz"]
[Site "Chess.com"]
[Date "2020.04.14"]
[Round "1"]
[White "dmvlad"]
[Black "DrVelja"]
[Result "0-1"]
[WhiteElo "2286"]
[BlackElo "2632"]
[TimeControl "180+1"]
[EndTime "10:07:42 PDT"]
[Termination "DrVelja won on time"]

1. e4 c5 2. Nf3 g6 3. c4 Bg7 4.
Nc3 Nc6 5. Be2 d6 6. O-O e5 7. a3 Nge7 8. Rb1 O-O 9. b4 f5 10. d3 f4 11. Nd5 h6 12. bxc5 dxc5 13. Bb2 g5 14. Nd2 Qd6 15. Bg4 b6 16. Bxc8 Raxc8 17. Qg4 Rcd8 18. h4 Qd7 19. Qxd7 Rxd7 20. hxg5 hxg5 21.
g4 fxg3 22. fxg3 g4 23. Rxf8+ Kxf8 24. Rf1+ Ke8 25. Kg2 Rd6 26. Rh1 Bh6 27. Nf1 Nxd5 28. exd5 Nd4 29. Rh5 Rg6 30. Rxe5+ Kd7 31. Re4 Nf3 32. Nh2 Nxh2 33. Kxh2 Bf8 34. Kg2 Be7 35. Be5 a6 36. Bf4 b5 37. Be3 Bd6 38. Bf4 Be7 39.
Be5 b4 0-1

[Event "*** Titled Tuesday Blitz"]
[Site "Chess.com"]
[Date "2020.04.14"]
[Round "1"]
[White "profofchess"]
[Black "Gordima"]
[Result "0-1"]
[WhiteElo "2400"]
[BlackElo "2769"]
[TimeControl "180+1"]
[EndTime "10:07:43 PDT"]
[Termination "Gordima won on time"]

1. e4 e5 2. Nf3 Nc6 3. Nc3 Nf6 4. Bb5 Bb4 5. O-O O-O 6. d3 d6 7. Ne2 Ne7 8. Ng3 Ng6 9. h3 h6 10. c3 Ba5 11. d4 c6 12. Bd3 Bb6 13. Re1 Re8 14. Qc2 Nh7 15. Be3 Ng5 16. Nxg5 hxg5 17. Rad1 Nf4 18. Bf1 Qf6 19. Nf5 d5 20. dxe5 Rxe5 21.
Ng3 Qe7 22. Bd4 Bxd4 23. cxd4 Re6 24. Nf5 Qf6 25. e5 Qg6 26. g3 Re8 27. g4 Be6 28. Qb1 Qh7 29. Kh2 Bxf5 30. Qxf5 Qh6 31. Re3 Re6 32.
Kg1 g6 33. Qc2 Kg7 34. a4 Qh8 35. a5 a6 36. Qb3 Qc8 37. Qb4 Qd7 38. Rb3 Re7 39.
Qc5 Rh8 40. Rc1 Qe6 41. Rcc3 Rh4 42. Rb6 Re8 43. Qb4 Reh8 44. Qb3 Qxg4+ 45. Rg3 Qe6 0-1

[Event "*** Titled Tuesday Blitz"]
[Site "Chess.com"]
[Date "2020.04.14"]
[Round "1"]
[White "Ellaijio_B"]
[Black "Rakesh"]
[Result "1-0"]
[WhiteElo "2729"]
[BlackElo "2379"]
[TimeControl "180+1"]
[EndTime "10:07:43 PDT"]
[Termination "Ellaijio_B won by resignation"]

1. e4 c5 2. Nf3 e6 3. d4 cxd4 4. Nxd4 a6 5. Bd3 Nc6 6. Nxc6 dxc6 7. Nd2 e5 8. Nc4 Nf6 9. O-O Qc7 10. Be3 b5 11. Nb6 Rb8 12. Nxc8 Rxc8 13. a4 Bd6 14. axb5 axb5 15. Qf3 O-O 16. Ra7 Qb8 17. Rfa1 c5 18. Bg5 Ne8 19. c4 b4 20. Qg3 f6 21. Be3 Rf7 22.
Rxf7 Kxf7 23. Be2 Rc7 24. Qh3 h6 25. Bh5+ g6 26. Bg4 h5 27. Be6+ Ke7 28. Bd5 Qc8 29. Qg3 Qg4 30. f3 Qxg3 31. hxg3 Rd7 32. Ra8 Nc7 33. Ra5 Nxd5 34. exd5 Rc7 35. Kf2 f5 36. Bg5+ Kd7 37. b3 Rb7 38. Ra6 Rc7 39. Ke2 Rb7 40.
Ke3 Rc7 41. Kf2 Rb7 42. Bf6 Rc7 43. Ke3 Rb7 44. f4 exf4+ 45. gxf4 Rb8 46. Be5 Bxe5 47. fxe5 g5 48. Ra7+ Ke8 49. Rh7 Rb6 50. Rxh5 Rg6 51. Rh8+ Kd7 52. Rh7+ Kd8 53. e6 Rh6 54. Rxh6 1-0

[Event "*** Titled Tuesday Blitz"]
[Site "Chess.com"]
[Date "2020.04.14"]
[Round "1"]
[White "kingmonkey2006"]
[Black "WelshTiger"]
[Result "0-1"]
[WhiteElo "2605"]
[BlackElo "2286"]
[TimeControl "180+1"]
[EndTime "10:07:43 PDT"]
[Termination "WelshTiger won by resignation"]

1. d4 Nf6 2. Nf3 e6 3. Bf4 c5 4.
e3 d5 5. c3 Nc6 6. Nbd2 Bd6 7.
Bxd6 Qxd6 8. Bb5 O-O 9. O-O Ne7 10. Ne5 a6 11. Bd3 Nd7 12. f4 f6 13. Nxd7 Bxd7 14.
Nf3 Rac8 15. Qe2 Be8 16. Rfd1 Bg6 17. Rac1 Bxd3 18. Qxd3 Qb6 19. b3 Nf5 20. e4 dxe4 21.
Qxe4 cxd4 22. Nxd4 Nxd4 23. Rxd4 Rfd8 24. Qe3 Rxd4 25.
cxd4 Rxc1+ 26. Qxc1 Qxd4+ 27. Kh1 Qd7 28. h3 h6 29. Qc4 Kh7 30. Qe4+ Kg8 31. Qc4 Qd5 32. Qc8+ Kh7 33. Qc2+ Qf5 34. Qd2 Qe4 35. Qd7 Qxf4 36. Qxe6 Qe5 37. Qc4 f5 38. Qd3 Qe4 39. Qd7 f4 40.
Kh2 Qe5 41. Kg1 Qe3+ 42. Kh2 Qe5 43. Qd3+ Kg8 44. Qd8+ Kf7 45. Qd7+ Kf6 46. Qxb7 f3+ 47. Kg1 Qe1+ 48. Kh2 f2 49. Qc6+ Kf5 50. Qf3+ Ke5 51.
Qg3+ Kd4 52. Qf4+ Kd5 53. Qf5+ Qe5+ 54. Qxe5+ Kxe5 0-1

[Event "*** Titled Tuesday Blitz"]
[Site "Chess.com"]
[Date "2020.04.14"]
[Round "1"]
[White "hongnhung1234"]
[Black "M1711"]
[Result "0-1"]
[WhiteElo "2143"]
[BlackElo "2553"]
[TimeControl "180+1"]
[EndTime "10:07:43 PDT"]
[Termination "M1711 won on time"]

1. e4 e5 2. Nf3 d5 3. exd5 e4 4. Nd4 Qxd5 5. Nb3 Nf6 6. Nc3 Qe5 7. Be2 Nc6 8. O-O Bd6 9. g3 a6 10. d3 exd3 11. Bxd3 O-O 12. Bf4 Qe7 13. Re1 Be6 14. Bxd6 Qxd6 15. Nd2 Rad8 16. Nde4 Nxe4 17. Nxe4 Qb4 18.
Qh5 h6 19. b3 Rd5 20. Qh4 Qe7 21. Qxe7 Nxe7 22. Bc4 Rd4 23. Bxe6 fxe6 24. Rad1 Nc6 25. f4 Rfd8 26. Rxd4 Rxd4 27. Kf2 Nb4 28. Re2 Nxc2 29. Rxc2 Rxe4 30. Rxc7 Rb4 31. Re7 Rb6 32. Ke3 Kf8 33. Rc7 Rb5 34. Kd4 Rd5+ 35. Ke3 Rb5 36. Ke4 h5 37.
Rd7 Ra5 38. a4 b5 39. axb5 Rxb5 40. Rd3 Kf7 0-1

[Event "*** Titled Tuesday Blitz"]
[Site "Chess.com"]
[Date "2020.04.14"]
[Round "1"]
[White "Ceejay271"]
[Black "Gentlejimmy7"]
[Result "0-1"]
[WhiteElo "2317"]
[BlackElo "2664"]
[TimeControl "180+1"]
[EndTime "10:07:44 PDT"]
[Termination "Gentlejimmy7 won by resignation"]

1. d4 Nf6 2. c4 g6 3. Nc3 d5 4.
cxd5 Nxd5 5. g3 Bg7 6. Bg2 Nb6 7. Nf3 O-O 8. O-O Nc6 9. d5 Na5 10. Bf4 c6 11. e4 cxd5 12. Nxd5 Nxd5 13. exd5 Nc4 14.
b3 Nd6 15. Rc1 Bf5 16. Re1 Rc8 17. Rxc8 Nxc8 18. Nd4 Bd7 19. a4 Re8 20. Qd3 Qb6 21.
Be3 Qb4 22. Rc1 Nb6 23. Nb5 Bxb5 24. Qxb5 Qxb5 25. axb5 Rd8 26. Rc7 Bf6 27. Rxb7 Nxd5 28. Bxa7 e6 29. Rb8 Rxb8 30. Bxb8 Nb6 31. Bd6 Bd4 32. Kf1 e5 33. Ke2 f5 34. Bc6 Kf7 35. b4 Ke6 36. Bc5 Bxc5 37. bxc5 Na4 38. b6 Nxc5 39. b7 Na6 40. Bb5 Nb8 41. Kd3 Kd6 42. Kc4 e4 43. Kd4 Kc7 44. Ke5 Kxb7 45. Kf6 Kb6 46.
Be8 Nc6 47. Bxc6 Kxc6 48. h4 Kd5 49. h5 gxh5 50. Kxf5 Kd4 51. Kf4 Kd3 52. Ke5 Ke2 53. Kxe4 Kxf2 54. Kf4 h6 55. g4 h4 56. g5 hxg5+ 57.
Kxg5 h3 0-1

[Event "*** Titled Tuesday Blitz"]
[Site "Chess.com"]
[Date "2020.04.14"]
[Round "1"]
[White "DaggiGretarsson"]
[Black "Enriquack"]
[Result "1-0"]
[WhiteElo "2652"]
[BlackElo "2299"]
[TimeControl "180+1"]
[EndTime "10:07:44 PDT"]
[Termination "DaggiGretarsson won by resignation"]

1. d4 Nf6 2. c4 g6 3. Nc3 d5 4. Bf4 Bg7 5. e3 c6 6. Nf3 O-O 7. h3 c5 8. dxc5 Ne4 9. Be5 Nxc3 10. bxc3 Qa5 11. Bxg7 Kxg7 12. Qd4+ e5 13. Nxe5 f6 14.
Nf3 Nc6 15. Qd2 dxc4 16. Bxc4 Rd8 17. Nd4 Qxc5 18. Bb3 Qg5 19. f4 Qc5 20. O-O Bd7 21. Rac1 Re8 22. Qf2 Rad8 23. e4 b6 24. Rfe1 Na5 25.
Bd5 Nc4 26. Kh2 Nd6 27. Qg3 Kf8 28. f5 g5 29. h4 h6 30. Qg4 Kg7 31. Qh5 Re7 32.
Qg6+ Kh8 33. Qxf6+ Kh7 34. Qg6+ Kh8 35. hxg5 Nxf5 36. Nxf5 Bxf5 37. Qxf5 Qd6+ 38. Kg1 hxg5 39. Re3 Rh7 40. Rh3 Rxh3 41. Qxh3+ Kg7 42. Rf1 Rh8 43. Rf7+ Kg6 44. Qxh8 Qc5+ 45. Kh1 1-0

[Event "*** Titled Tuesday Blitz"]
[Site "Chess.com"]
[Date "2020.04.14"]
[Round "1"]
[White "DinaBelenkaya"]
[Black "DamianoLew95"]
[Result "0-1"]
[WhiteElo "2165"]
[BlackElo "2562"]
[TimeControl "180+1"]
[EndTime "10:07:44 PDT"]
[Termination "DamianoLew95 won on time"]

1. e4 c5 2. Nc3 Nc6 3. d3 g6 4. g3 Bg7 5. Nge2 e5 6. Bg2 Nge7 7. f4 d6 8. O-O O-O 9. Be3 b6 10. Qd2 Rb8 11. Nd5 Nxd5 12. exd5 exf4 13. Bxf4 Nd4 14. Nc3 f5 15. Rae1 Bd7 16. Bg5 Bf6 17. Bxf6 Qxf6 18. Ne4 Qe7 19. Nxc5 Qf7 20. Nxd7 Qxd7 21. c3 Nb5 22.
Qg5 Rbe8 23. Bh3 Qg7 24. g4 h6 25. Qd2 fxg4 26. Rxe8 Rxe8 27. Bxg4 Nc7 28. c4 Re5 29. Qf4 h5 30. Bh3 Qe7 31. Qf6 Qxf6 32. Rxf6 Rg5+ 33. Kf2 Ne8 34. Re6 Kf7 35. Re4 Nf6 36. Re6 Ne8 37. Re3 Nf6 38. Be6+ Kg7 39. h4 Ng4+ 40. Bxg4 Rxg4 41.
Re4 Rxe4 42. dxe4 Kf6 43. Kf3 g5 44. hxg5+ Kxg5 45. b4 h4 46. a4 a5 47. bxa5 bxa5 0-1

[Event "*** Titled Tuesday Blitz"]
[Site "Chess.com"]
[Date "2020.04.14"]
[Round "1"]
[White "mapebo94"]
[Black "arctic_t00"]
[Result "1-0"]
[WhiteElo "1784"]
[BlackElo "2494"]
[TimeControl "180+1"]
[EndTime "10:07:44 PDT"]
[Termination "mapebo94 won on time"]

1. d4 Nf6 2. c4 g6 3. Nc3 Bg7 4. e4 d6 5. Nf3 O-O 6. h3 Na6 7. Be3 c5 8. d5 e6 9. g4 exd5 10. exd5 Re8 11. Be2 h5 12. Ng5 hxg4 13. hxg4 Nxg4 14. Bxg4 Qxg5 15. Bxc8 Raxc8 16. Qe2 Qf5 17.
O-O-O Nc7 18. Qc2 Qxc2+ 19. Kxc2 a6 20. a4 Rb8 21. Bf4 Red8 22. Rde1 b5 23. Re7 Rbc8 24.
axb5 axb5 25. b3 Bf6 26. Re3 bxc4 27. bxc4 Rb8 28. Reh3 Bg7 29. Rb1 Rxb1 30. Nxb1 Rb8 31. Bxd6 Rc8 32. Bxc7 Rxc7 33. Ra3 Re7 34. Kd3 Bd4 35.
Ra8+ Kg7 36. Ra2 f5 37. Na3 Kf6 38. Nb5 Be5 39. Ra6+ Kg5 40. Nd6 Rh7 41. Ne8 Bd4 42. d6 Rd7 43. Rc6 Kf4 44. Rc7 1-0

[Event "*** Titled Tuesday Blitz"]
[Site "Chess.com"]
[Date "2020.04.14"]
[Round "1"]
[White "kintoho"]
[Black "Frolyanov_D"]
[Result "1/2-1/2"]
[WhiteElo "2415"]
[BlackElo "2766"]
[TimeControl "180+1"]
[EndTime "10:07:45 PDT"]
[Termination "Game drawn by repetition"]

1. e4 e5 2. Nf3 Nf6 3. Nxe5 d6 4. Nf3 Nxe4 5. d3 Nf6 6. d4 Be7 7. c4 O-O 8. Nc3 d5 9. cxd5 Nxd5 10. Bd3 Nc6 11. O-O Bg4 12. h3 Bh5 13. Bxh7+ Kxh7 14. Ng5+ Bxg5 15. Qxh5+ Bh6 16. Nxd5 Qd6 17. Bxh6 Qxh6 18. Qxh6+ Kxh6 19. Nxc7 Rac8 20. Nb5 Rfd8 21. Rad1 a6 22. Nc3 Nxd4 23. Rfe1 Rd7 24. Kf1 Rcd8 25. Rd2 Ne6 26. Rxd7 Rxd7 27. Rd1 Rc7 28. Rd2 g6 29. g3 Kg7 30. f4 b5 31. a3 Nc5 32. Ke2 Nb3 33. Rd6 a5 34. Nxb5 Rc2+ 35. Kd3 Rg2 36. g4 Nc5+ 37.
Kc4 Rc2+ 38. Kd5 Nb3 39. f5 Rc5+ 40. Ke4 Rxb5 41. f6+ Kh6 42. h4 g5 43. hxg5+ Kxg5 44. Rd5+ Rxd5 45. Kxd5 Kxf6 46. Kc4 Nd2+ 47. Kb5 Kg5 48.
Kxa5 Nc4+ 49. Kb4 Nxb2 50. Kb3 Nd3 51. Kc4 Ne5+ 52. Kd5 Nxg4 53. a4 Ne3+ 54. Kd4 Nf5+ 55. Kd5 Ne7+ 56. Kd6 Nc8+ 57. Kc7 Na7 58. Kb6 Nc8+ 59.
Kc7 Ne7 60. a5 Nd5+ 61. Kc6 Nb4+ 62. Kb5 Nd5 63. Kc5 Ne7 64. Kd6 Nc8+ 65. Kc7 Na7 66.
Kb6 Nc8+ 67. Kc7 Na7 68. Kb6 Nc8+ 69. Kc7 1/2-1/2